TOP OF THE 1ST |
Rutgers Scarlet Knights batting - Pitching for Indiana Hoosiers : RHP Myron Allison
|
Pitching: RHP Myron Allison
|
|
Batting: RHB Ed Keesee
|
0-0: Fly out, F9 (Flyball, 9LMF)
|
Batting: LHB Todd Sexton
|
0-0: Swinging Strike 0-1: Ball 1-1: Ball 2-1: Ball 3-1: Fly out, F9 (Flyball, 9D)
|
Batting: SHB Woody Stanley
|
0-0: Ball 1-0: Ball 2-0: SINGLE (Line Drive, 6D)
|
Batting: RHB Manuel Reyes
|
0-0: Ball 1-0: Ball Woody Stanley steals 2nd base 2-0: Called Strike 2-1: Called Strike 2-2: Fly out, F3 (Line Drive, 3)
|
Top of the 1st over - 0 run(s), 1 hit(s), 0 error(s), 1 left on base; Rutgers 0 - Indiana 0 |
BOTTOM OF THE 1ST |
Indiana Hoosiers batting - Pitching for Rutgers Scarlet Knights : LHP Gary Fox
|
Pitching: LHP Gary Fox
|
|
Batting: RHB Jason McNeil
|
0-0: Ball 1-0: DOUBLE (Line Drive, 78D)
|
Batting: RHB Will White
|
0-0: Fly out, F9 (Line Drive, 9M)
|
Batting: RHB Stephen Concepción
|
0-0: Ball 1-0: Ball 2-0: SINGLE (Line Drive, 6MD) Jason McNeil to third
|
Batting: RHB Mark Chamberlin
|
0-0: Ball 1-0: Ball 2-0: Called Strike 2-1: Foul Ball, location: 2F 2-2: Strikes out swinging
|
Batting: SHB Terry Christian
|
0-0: Called Strike 0-1: Ball 1-1: Ball 2-1: Fly out, F7 (Flyball, 78M)
|
Bottom of the 1st over - 0 run(s), 2 hit(s), 0 error(s), 2 left on base; Rutgers 0 - Indiana 0 |
TOP OF THE 2ND |
Rutgers Scarlet Knights batting - Pitching for Indiana Hoosiers : RHP Myron Allison
|
Batting: SHB Júlio Ayala
|
0-0: Ball 1-0: Foul Ball, location: 2F 1-1: Ground out U3 (Groundball, 3)
|
Batting: RHB Martín Campos
|
0-0: Called Strike 0-1: Foul Ball, location: 2F 0-2: Strikes out swinging
|
Batting: RHB Joe Roberts
|
0-0: Called Strike 0-1: Ball 1-1: SINGLE (Flyball, 8RS)
|
Batting: LHB Ismael Rodríguez
|
0-0: Ball 1-0: Ball 2-0: Called Strike 2-1: Fly out, F6 (Popup, 6MD)
|
Top of the 2nd over - 0 run(s), 1 hit(s), 0 error(s), 1 left on base; Rutgers 0 - Indiana 0 |
BOTTOM OF THE 2ND |
Indiana Hoosiers batting - Pitching for Rutgers Scarlet Knights : LHP Gary Fox
|
Batting: RHB Troy Johnson
|
0-0: Called Strike 0-1: Ball 1-1: Called Strike 1-2: Foul Ball, location: 2F 1-2: Strikes out swinging
|
Batting: RHB Elwood López
|
0-0: Called Strike 0-1: Ball 1-1: Ball 2-1: Foul Ball, location: 2F 2-2: Foul Ball, location: 2F 2-2: Strikes out swinging
|
Batting: RHB Eugene Williams
|
0-0: Ball 1-0: Ball 2-0: Ball 3-0: Called Strike 3-1: Base on Balls
|
Batting: RHB Armando Bernard
|
0-0: Ball 1-0: Ball 2-0: Called Strike 2-1: Called Strike 2-2: Foul Ball, location: 2F 2-2: Strikes out swinging
|
Bottom of the 2nd over - 0 run(s), 0 hit(s), 0 error(s), 1 left on base; Rutgers 0 - Indiana 0 |
TOP OF THE 3RD |
Rutgers Scarlet Knights batting - Pitching for Indiana Hoosiers : RHP Myron Allison
|
Batting: RHB Marvin Kidd
|
0-0: Called Strike 0-1: Called Strike 0-2: Ball 1-2: Strikes out swinging
|
Batting: RHB Ed Keesee
|
0-0: Swinging Strike 0-1: Ball 1-1: Ball 2-1: Foul Ball, location: 2F 2-2: Strikes out swinging
|
Batting: LHB Todd Sexton
|
0-0: Ball 1-0: Ball 2-0: Called Strike 2-1: Swinging Strike 2-2: Strikes out swinging
|
Top of the 3rd over - 0 run(s), 0 hit(s), 0 error(s), 0 left on base; Rutgers 0 - Indiana 0 |
BOTTOM OF THE 3RD |
Indiana Hoosiers batting - Pitching for Rutgers Scarlet Knights : LHP Gary Fox
|
Batting: RHB Jason McNeil
|
0-0: Fly out, F8 (Flyball, 8LM)
|
Batting: RHB Will White
|
0-0: Ball 1-0: Ball 2-0: Swinging Strike 2-1: Called Strike 2-2: Foul Ball, location: 2F 2-2: Ground out 5-3 (Groundball, 15S)
|
Batting: RHB Stephen Concepción
|
0-0: Swinging Strike 0-1: Ball 1-1: Foul Ball, location: 2F 1-2: Ball 2-2: Fly out, F4 (Popup, 34D)
|
Bottom of the 3rd over - 0 run(s), 0 hit(s), 0 error(s), 0 left on base; Rutgers 0 - Indiana 0 |
TOP OF THE 4TH |
Rutgers Scarlet Knights batting - Pitching for Indiana Hoosiers : RHP Myron Allison
|
Batting: SHB Woody Stanley
|
0-0: Ball 1-0: Swinging Strike 1-1: Ball 2-1: Foul Ball, location: 2F 2-2: Ball 3-2: Strikes out swinging
|
Batting: RHB Manuel Reyes
|
0-0: Ball 1-0: Called Strike 1-1: Ball 2-1: Swinging Strike 2-2: Strikes out swinging
|
Batting: SHB Júlio Ayala
|
0-0: Ball 1-0: Called Strike 1-1: SINGLE (Flyball, 7S)
|
Batting: RHB Martín Campos
|
0-0: Swinging Strike 0-1: Foul Ball, location: 2F 0-2: Ball 1-2: Foul Ball, location: 2F 1-2: Strikes out looking
|
Top of the 4th over - 0 run(s), 1 hit(s), 0 error(s), 1 left on base; Rutgers 0 - Indiana 0 |
BOTTOM OF THE 4TH |
Indiana Hoosiers batting - Pitching for Rutgers Scarlet Knights : LHP Gary Fox
|
Batting: RHB Mark Chamberlin
|
0-0: Ball 1-0: Ground out 5-3 (Groundball, 5)
|
Batting: SHB Terry Christian
|
0-0: Called Strike 0-1: Ball 1-1: Foul Ball, location: 2F 1-2: Ball 2-2: Strikes out looking
|
Batting: RHB Troy Johnson
|
0-0: Called Strike 0-1: Foul Ball, location: 2F 0-2: Strikes out looking
|
Bottom of the 4th over - 0 run(s), 0 hit(s), 0 error(s), 0 left on base; Rutgers 0 - Indiana 0 |
TOP OF THE 5TH |
Rutgers Scarlet Knights batting - Pitching for Indiana Hoosiers : RHP Myron Allison
|
Batting: RHB Joe Roberts
|
0-0: Ball 1-0: Foul Ball, location: 2F 1-1: Ball 2-1: Swinging Strike 2-2: Strikes out looking
|
Batting: LHB Ismael Rodríguez
|
0-0: Called Strike 0-1: Swinging Strike 0-2: Foul Ball, location: 2F 0-2: Strikes out swinging
|
Batting: RHB Marvin Kidd
|
0-0: Ball 1-0: Called Strike 1-1: Foul Ball, location: 2F 1-2: Ground out 6-3 (Groundball, 6)
|
Top of the 5th over - 0 run(s), 0 hit(s), 0 error(s), 0 left on base; Rutgers 0 - Indiana 0 |
BOTTOM OF THE 5TH |
Indiana Hoosiers batting - Pitching for Rutgers Scarlet Knights : LHP Gary Fox
|
Batting: RHB Elwood López
|
0-0: Called Strike 0-1: Called Strike 0-2: Strikes out looking
|
Batting: RHB Eugene Williams
|
0-0: Ball 1-0: Called Strike 1-1: Called Strike 1-2: Ball 2-2: Ball 3-2: Foul Ball, location: 2F 3-2: Strikes out looking
|
Batting: RHB Armando Bernard
|
0-0: Ground out 4-3 (Groundball, 4)
|
Bottom of the 5th over - 0 run(s), 0 hit(s), 0 error(s), 0 left on base; Rutgers 0 - Indiana 0 |
TOP OF THE 6TH |
Rutgers Scarlet Knights batting - Pitching for Indiana Hoosiers : RHP Myron Allison
|
Batting: RHB Ed Keesee
|
0-0: Ball 1-0: Ground out 5-3 (Groundball, 5L)
|
Batting: LHB Todd Sexton
|
0-0: Ball 1-0: Ball 2-0: Called Strike 2-1: Foul Ball, location: 2F 2-2: Ground out 1-3 (Groundball, 13S)
|
Batting: SHB Woody Stanley
|
0-0: Called Strike 0-1: Swinging Strike 0-2: Ball 1-2: Ball 2-2: Strikes out looking
|
Top of the 6th over - 0 run(s), 0 hit(s), 0 error(s), 0 left on base; Rutgers 0 - Indiana 0 |
BOTTOM OF THE 6TH |
Indiana Hoosiers batting - Pitching for Rutgers Scarlet Knights : LHP Gary Fox
|
Batting: RHB Jason McNeil
|
0-0: Ball 1-0: Foul Ball, location: 2F 1-1: Foul Ball, location: 2F 1-2: Ground out 5-3 (Groundball, 5S)
|
Batting: RHB Will White
|
0-0: Ball 1-0: Called Strike 1-1: Reached on Error, E7 (Flyball, 7S)
|
Batting: RHB Stephen Concepción
|
0-0: Called Strike 0-1: Ball 1-1: Ball Wild Pitch! Will White to second 2-1: Fly out, F2 (Popup, 2RF)
|
Pitching: RHP Todd Bevins
|
|
Batting: RHB Mark Chamberlin
|
0-0: Foul Ball, location: 2F 0-1: Ball 1-1: Ball 2-1: Foul Ball, location: 2F 2-2: Ball 3-2: Foul Ball, location: 2F 3-2: Base on Balls
|
Batting: SHB Terry Christian
|
0-0: SINGLE (Line Drive, 4MD) Will White to third Mark Chamberlin to second
|
Batting: RHB Troy Johnson
|
0-0: Fly out, F9 (Flyball, 9M)
|
Bottom of the 6th over - 0 run(s), 1 hit(s), 1 error(s), 3 left on base; Rutgers 0 - Indiana 0 |
TOP OF THE 7TH |
Rutgers Scarlet Knights batting - Pitching for Indiana Hoosiers : RHP Myron Allison
|
Pitching: RHP Evan Moore
|
|
Batting: RHB Manuel Reyes
|
0-0: Ball 1-0: Ground out 1-3 (Groundball, 13S)
|
Batting: SHB Júlio Ayala
|
0-0: Ball 1-0: Called Strike 1-1: Swinging Strike 1-2: Ball 2-2: Ball 3-2: Base on Balls
|
Batting: RHB Martín Campos
|
0-0: Ball 1-0: Foul Ball, location: 2F 1-1: Ball 2-1: Ball 3-1: DOUBLE (Line Drive, 7LM) Júlio Ayala to third
|
Batting: RHB Joe Roberts
|
0-0: Foul Ball, location: 2F 0-1: Ball 1-1: Ball 2-1: Called Strike 2-2: Ball 3-2: Foul Ball, location: 2F 3-2: Foul Ball, location: 2F 3-2: Base on Balls
|
Batting: LHB Ismael Rodríguez
|
0-0: Ball 1-0: Grounds into double play, 4-6-3 (Groundball, 4)
|
Top of the 7th over - 0 run(s), 1 hit(s), 0 error(s), 2 left on base; Rutgers 0 - Indiana 0 |
BOTTOM OF THE 7TH |
Indiana Hoosiers batting - Pitching for Rutgers Scarlet Knights : RHP Todd Bevins
|
Batting: RHB Elwood López
|
0-0: Called Strike 0-1: Swinging Strike 0-2: Strikes out swinging
|
Batting: RHB Eugene Williams
|
0-0: Foul Ball, location: 2F 0-1: Swinging Strike 0-2: Foul Ball, location: 2F 0-2: Fly out, F8 (Line Drive, 8LM)
|
Batting: RHB Armando Bernard
|
0-0: Called Strike 0-1: Ball 1-1: SINGLE (Groundball, 6M)
|
Pinch Hitting: LHB Michael Hanson
|
0-0: Ground out U3 (Groundball, 3L)
|
Bottom of the 7th over - 0 run(s), 1 hit(s), 0 error(s), 1 left on base; Rutgers 0 - Indiana 0 |
TOP OF THE 8TH |
Rutgers Scarlet Knights batting - Pitching for Indiana Hoosiers : RHP Evan Moore
|
Now in RF: Michael Hanson
|
|
Pinch Hitting: RHB Ben White
|
0-0: Ball 1-0: Ball 2-0: Called Strike 2-1: Ball 3-1: Base on Balls
|
Batting: RHB Ed Keesee
|
0-0: Ball 1-0: Bunted foul 1-1: Bunt - Flyout! F1
|
Batting: LHB Todd Sexton
|
0-0: Called Strike 0-1: Swinging Strike 0-2: SINGLE (Line Drive, 6MD) Ben White to second Runner from 2nd tries for 3rd, SAFE, throw made to third
|
Batting: SHB Woody Stanley
|
0-0: Ball 1-0: Fly out, F7 (Flyball, 7M) Runner from 3rd tags up, SCORES, throw made
|
Batting: RHB Manuel Reyes
|
0-0: Called Strike 0-1: Ball 1-1: Ball 2-1: Swinging Strike 2-2: Ball 3-2: Strikes out swinging
|
Top of the 8th over - 1 run(s), 1 hit(s), 0 error(s), 1 left on base; Rutgers 1 - Indiana 0 |
BOTTOM OF THE 8TH |
Indiana Hoosiers batting - Pitching for Rutgers Scarlet Knights : RHP Todd Bevins
|
Now in CF: Bill Shaffer
|
|
Batting: RHB Will White
|
0-0: Foul Ball, location: 2F 0-1: Foul Ball, location: 2F 0-2: Strikes out looking
|
Batting: RHB Stephen Concepción
|
0-0: Ball 1-0: Fly out, F3 (Popup, 3F)
|
Batting: RHB Mark Chamberlin
|
0-0: Foul Ball, location: 2F 0-1: Fly out, F9 (Flyball, 9M)
|
Bottom of the 8th over - 0 run(s), 0 hit(s), 0 error(s), 0 left on base; Rutgers 1 - Indiana 0 |
TOP OF THE 9TH |
Rutgers Scarlet Knights batting - Pitching for Indiana Hoosiers : RHP Evan Moore
|
Batting: SHB Júlio Ayala
|
Single, Error in OF, E9, batter to second base
|
Batting: RHB Martín Campos
|
0-0: Intentional Walk
|
Batting: RHB Joe Roberts
|
0-0: Bunted foul 0-1: Bunted foul 0-2: Ball 1-2: Ball 2-2: Foul Ball, location: 2F 2-2: Ball 3-2: SINGLE (Flyball, 8LS) Júlio Ayala to third Martín Campos to second Runner from 3rd tries for Home, SAFE, no throw or cutoff
|
Pitching: RHP Edward Armstrong
|
|
Batting: LHB Ismael Rodríguez
|
0-0: Foul Ball, location: 2F 0-1: Ball 1-1: Fly out, F8 (Flyball, 8RM)
|
Batting: RHB Bill Shaffer
|
0-0: Ball 1-0: Ball 2-0: Ball 3-0: Called Strike 3-1: Called Strike 3-2: Base on Balls Martín Campos to third Joe Roberts to second
|
Batting: RHB Ed Keesee
|
0-0: Called Strike 0-1: Fly out, F9 (Flyball, 89M)
|
Batting: LHB Todd Sexton
|
0-0: Called Strike 0-1: Called Strike 0-2: Fly out, F7 (Flyball, 7LM)
|
Top of the 9th over - 1 run(s), 2 hit(s), 1 error(s), 3 left on base; Rutgers 2 - Indiana 0 |
BOTTOM OF THE 9TH |
Indiana Hoosiers batting - Pitching for Rutgers Scarlet Knights : RHP Todd Bevins
|
Pitching: RHP Rafael Zarate
|
|
Batting: SHB Terry Christian
|
0-0: Called Strike 0-1: Ball 1-1: Swinging Strike 1-2: SINGLE (Line Drive, 4MD)
|
Batting: RHB Troy Johnson
|
0-0: Ball 1-0: Ball 2-0: Called Strike 2-1: Ball 3-1: Base on Balls Terry Christian to second
|
Batting: RHB Elwood López
|
0-0: Ball 1-0: Ball 2-0: Swinging Strike 2-1: Ball 3-1: Sac Bunt - play at first, batter OUT! 1-3 Terry Christian to third Troy Johnson to second
|
Batting: RHB Eugene Williams
|
0-0: Ball 1-0: Fly out, F7 (Flyball, 7LM) Runner from 3rd tags up, SCORES, no throw
|
Batting: RHB Armando Bernard
|
0-0: Called Strike 0-1: Foul Ball, location: 2F 0-2: Foul Ball, location: 2F 0-2: Ball 1-2: Foul Ball, location: 2F 1-2: Strikes out swinging
|
Bottom of the 9th over - 1 run(s), 1 hit(s), 0 error(s), 1 left on base; Rutgers 2 - Indiana 1 |
|